 Dungeon Crawl Stone Soup version 0.30-a0-782-ge64f9170bb (webtiles) character file.

Game seed: 12645973998668628131

81 Querens the Magician (level 4, 0/34 HPs)
             Began as a Djinni Hedge Wizard on Feb 26, 2023.
             Slain by a quokka (3 damage)
             ... on level 3 of the Dungeon.
             The game lasted 00:05:46 (1325 turns).

Querens the Magician (Djinni Hedge Wizard)          Turns: 1325, Time: 00:05:46

Health: 0/34       AC:  2    Str:  9    XL:     4   Next: 67%
Gold:   119        EV: 12    Int: 17    God:
                   SH:  0    Dex: 13

rFire   + + .      SeeInvis .    i - +0 dagger (venom)
rCold   x . .      Faith    .    (no shield)
rNeg    . . .      Spirit   .    b - +0 robe
rPois   ∞          Reflect  .    c - +0 hat
rElec   .          Harm     .    (no cloak)
rCorr   .          Rampage  .    (no gloves)
Will    .....                    (boots unavailable)
Stlth   ++                       (no amulet)
HPRegen 0.25/turn                (no ring)
MPRegen 0.00/turn                (no ring)

@: flying
A: sickness immunity, fire resistance 2, cold vulnerability 1, float, innate
caster, HP casting, extra vitality 1
a: no special abilities


You were on level 3 of the Dungeon.
You visited 1 branch of the dungeon, and saw 3 of its levels.

You collected 119 gold pieces.

Inventory:

Hand Weapons
 i - a +0 dagger of venom (weapon)
Missiles
 s - 4 curare-tipped darts
Armour
 b - a +0 robe (worn)
 c - a +0 hat (worn)
Scrolls
 a - a scroll of poison {unknown}
 d - 3 scrolls of fear {unknown}
 f - 2 scrolls of identify {unknown}
 g - a scroll of teleportation {unknown}
 j - a scroll of enchant weapon {unknown}
 l - a scroll of amnesia {unknown}
 m - a scroll of acquirement {unknown}
 n - 2 scrolls of immolation {unknown}
 o - a scroll of magic mapping {unknown}
 t - a scroll of vulnerability {unknown}
Potions
 e - a potion of brilliance {unknown}
 h - a potion of flight {unknown}
 k - a potion of curing {unknown}
 p - a potion of resistance {unknown}
 q - a potion of might {unknown}
 r - a potion of lignification {unknown}


   Skills:
 + Level 2.6 Fighting
 - Level 2.1 Dodging
 - Level 1.5 Stealth
 + Level 3.2 Spellcasting


You couldn't memorise any spells.
You knew the following spells:

 Your Spells              Type           Power      Damage    Failure   Level
a - Magic Dart            Conj           52%        1d5       4%          1
b - Slow                  Hex            52%        N/A       4%          1
c - Blink                 Tloc           26%        N/A       7%          2
d - Call Imp              Summ           13%        N/A       7%          2
e - Mephitic Cloud        Conj/Pois/Air  13%        N/A       13%         3
f - Necrotise             Necr           52%        1d6       4%          1
Your spell library was empty.

Dungeon Overview and Level Annotations

Branches:
Dungeon (3/15)

Altars:


Innate Abilities, Weirdness & Mutations

You are immune to sickness and miasma.
You are immune to poison.
Your flesh is very heat resistant. (rF++)
You are vulnerable to cold. (rC-)
You float through the air rather than walking.
You learn spells naturally, not from books.
Your magical power is your life essence.
You have superior vitality. (+4 MHP)


Message History

Press: ? - help, Shift-Dir - straight line, f - ball python
Aim: a ball python (chance to affect: 96%)
The ball explodes into a vile cloud!
The stinking cloud engulfs the ball python but does no damage.
The stinking cloud engulfs you but does no damage.
The stinking cloud engulfs the quokka but does no damage.
The stinking cloud engulfs the hobgoblin but does no damage.
The hobgoblin is moderately wounded.
* * * LOW HITPOINT WARNING * * *
The ball python is engulfed in noxious fumes.
The ball python appears confused.
The ball python barely misses you.
The quokka is engulfed in noxious fumes.
The quokka appears confused.
The quokka bites the ball python.
The ball python is killed!
The hobgoblin is engulfed in noxious fumes.
The hobgoblin appears confused.
Unknown command.
Unknown command.
Unknown command.
Unknown command.
The quokka is engulfed in noxious fumes.
The quokka appears confused.
The hobgoblin is engulfed in noxious fumes.
The hobgoblin appears confused.
The hobgoblin mumbles something.
The hobgoblin hits the quokka but does no damage.
The quokka is engulfed in noxious fumes.
The quokka appears confused.
The quokka bites the hobgoblin.
The quokka is engulfed in noxious fumes.
The quokka appears confused.
The hobgoblin is engulfed in noxious fumes.
The hobgoblin appears confused.
You hit the hobgoblin but do no damage.
The hobgoblin is poisoned.
The hobgoblin is heavily wounded.
The hobgoblin hits you but does no damage.
You hit the hobgoblin.
The hobgoblin is severely wounded.
You kill the hobgoblin!
The quokka bites you.
You die...

...##.## ......
..#.# # #.#.###
#.#.....#
#.#.....#
#.......###.
###)........#
#####)r@....###.#
#...?††)...###
#.###.<......#
#......#...
........####
##.#.###....
#.#.# #### ....#
##.###


You could see a quokka (confused).

Vanquished Creatures
  2 adders (D:2)
  A dart slug (D:1)
  3 orcs (D:3)
  4 bats
  3 endoplasms
  3 giant cockroaches
  4 goblins
  4 hobgoblins
  3 jackals (D:1)
  4 quokkas
  9 ball pythons
  5 frilled lizards
  6 kobolds
  4 rats (D:1)
55 creatures vanquished.

Notes
Turn   | Place    | Note
-------+----------+-------------------------------------------
     0 | D:1      | Querens the Djinni Hedge Wizard began the quest for the
                  | Orb.
     0 | D:1      | Querens set off with the following spells memorised: Magic
                  | Dart, Slow, Blink, Call Imp, Mephitic Cloud.
     0 | D:1      | Reached XP level 1. HP: 15/15 MP: 0/0
    83 | D:1      | Reached skill level 1 in Fighting
    83 | D:1      | Reached XP level 2. HP: 17/22 MP: 0/0
   318 | D:1      | Reached XP level 3. HP: 14/27 MP: 0/0
   318 | D:1      | Learned a level 1 spell: Necrotise
   635 | D:2      | Reached skill level 3 in Spellcasting
   808 | D:2      | Reached XP level 4. HP: 28/33 MP: 0/0
  1042 | D:2      | Found a faded altar of an unknown god.
  1325 | D:3      | Slain by a quokka

Illustrated notes

Levels and vault maps discovered:
D:1:      onia_arrival_handbag, layout_basic, minmay_shallow_snake_nest
D:2:      layout_basic, chequers_ecumenical_altar_simple,
          minmay_misc_feat_square
D:3:      layout_loops_cross, nicolae_overflow_crystal_walls,
          general_overflow_altar, kennysheep_vampire_church

Skill      XL: |  1  2  3 |
---------------+----------+-----
Fighting       | 1 2 |  2.6
Spellcasting   | 3 |  3.2
Dodging        | |  2.1
Stealth        | |  1.5

Action                     |  1- 3 |  4- 6 || total
---------------------------+-------+-------++-------
  Melee: Dagger            |    20 |    12 ||    32
   Cast: Magic Dart        |    79 |    20 ||    99
         Mephitic Cloud    |       |     4 ||     4
   Stab: Sleeping          |     1 |     1 ||     2
         Confused          |       |     1 ||     1
 Armour: Robe              |    12 |     6 ||    18
  Dodge: Dodged            |    35 |    33 ||    68

Table legend: (Time is in decaauts)
 A = Elapsed time spent in this place.
 B = Non-inter-level travel time spent in this place.
 C = Inter-level travel time spent in this place.
 D = Time resting spent in this place.
 E = Time spent auto-exploring this place.
 F = Levels seen in this place.
 G = Mean time per level.
                   A        B        C        D        E       F      G
               +--------+--------+--------+--------+--------+-----+--------+
         Total |   1324 |   1238 |     86 |      0 |      0 |   3 |  441.3 |
       Dungeon |   1324 |   1238 |     86 |      0 |      0 |   3 |  441.3 |
               +--------+--------+--------+--------+--------+-----+--------+

Top non-repeatable levels by time:
     D:2: 697 daAuts
     D:1: 591 daAuts
     D:3: 34 daAuts
